 Dungeon Crawl Stone Soup version 0.19-a0-1720-gc855d72 (webtiles) character file.

1435 JeffiDaFish the Firebug (level 8, -3/66 HPs)
             Began as a Mottled Draconian Fire Elementalist on Sept 29, 2016.
             Was a Follower of Vehumet.
             Killed by nerve-wracking pain
             ... invoked by Menkaure
              (13 damage)
             ... on level 6 of the Dungeon.
             The game lasted 00:36:06 (8092 turns).

JeffiDaFish the Firebug (DrFE)                      Turns: 8092, Time: 00:36:08

Health: -3/66      AC: 10    Str: 12      XL:     8   Next: 45%
Magic:  8/15       EV: 13    Int: 16      God:    Vehumet [*.....]
Gold:   254        SH:  0    Dex: 10 (12) Spells: 4 memorised, 5 levels left

rFire  x . .     SeeInvis .     l - +1 trident
rCold  + . .     Gourm    .     (armour unavailable)
rNeg   . . .     Faith    .     (no shield)
rPois  .         Spirit   .     (helmet restricted)
rElec  .         Dismiss  .     (no cloak)
rCorr  .         Reflect  .     e - +2 pair of gloves
MR     .....     Harm     .     (no boots)
Stlth  ++........               (no amulet)
                                (no ring)
                                i - ring of ice

@: no status effects
A: breathe sticky flame splash, unfitting armour, cold-blooded, AC +6
a: Breathe Sticky Flame, Renounce Religion


You were on level 6 of the Dungeon.
You worshipped Vehumet.
Vehumet was aware of your devotion.
You were not hungry.

You visited 2 branches of the dungeon, and saw 7 of its levels.

You collected 254 gold pieces.

Inventory:

Hand Weapons
 l - a +1 trident (weapon)
Armour
 e - a +2 pair of gloves (worn)
Jewellery
 i - a ring of ice (left hand)
Wands
 j - a wand of paralysis (1/24)
 r - a wand of slowing (17/48)
Scrolls
 b - a scroll of remove curse
 c - a scroll of immolation
 f - a scroll of fear
 k - 6 scrolls of identify
 p - a scroll of enchant weapon
Potions
 h - a potion of might
 o - 2 potions of curing
Books
 a - a book of Flames

   Spells                             Type                      Level
   a - Flame Tongue                   Conjuration/Fire             1
   b - Throw Flame                    Conjuration/Fire             2
   c - Conjure Flame                  Conjuration/Fire             3
   d - Inner Flame                    Hexes/Fire                   3
   e - Sticky Flame                   Conjuration/Fire             4
   f - Fireball                       Conjuration/Fire             5
Comestibles
 d - a beef jerky
 g - a slice of pizza
 n - 2 meat rations
 q - a bread ration


   Skills:
 + Level 3.7 Fighting
 + Level 3.3 Polearms
 + Level 3.6 Dodging
 + Level 3.8 Stealth
 - Level 0.6 Unarmed Combat
 * Level 5.1 Spellcasting
 + Level 3.5 Conjurations
 + Level 5.4 Fire Magic


You had 5 spell levels left.
You knew the following spells:

 Your Spells              Type           Power        Failure   Level  Hunger
a - Flame Tongue          Conj/Fire      ###..        2%          1    None
b - Throw Flame           Conj/Fire      ###...       4%          2    #......
c - Sticky Flame          Conj/Fire      ###.....     28%         4    ####...
d - Fireball              Conj/Fire      ###.......   75%         5    ######.


Dungeon Overview and Level Annotations

Branches:
Dungeon (6/15)             Temple (1/1) D:5

Altars:
Dithmenos
Nemelex Xobeh
Vehumet
Xom
Yredelemnul
The Shining One

Shops:
D:5 %

Annotations:
D:6 Eustachio, Menkaure


Innate Abilities, Weirdness & Mutations

You can spit globs of burning liquid.
You can ignite nearby creatures when you spit burning liquid.
Your weird mottled scales are hard. (AC +6)
You cannot fit into any form of body armour.
You are cold-blooded and may be slowed by cold attacks.


Message History

* * * LOW HITPOINT WARNING * * *
The quasit bites you but does no damage.
The quasit claws you.
* * * LOW HITPOINT WARNING * * *
The quasit barely misses you.
Menkaure calls on the powers of darkness!
Your body is wracked with pain!
* * * LOW HITPOINT WARNING * * *
You closely miss the quasit. The quasit barely misses you. x2
The quasit closely misses you.
You miss the quasit.
The quasit disappears in a puff of smoke!
Eustachio casts a spell.
You puncture Menkaure! You tail-slap Menkaure.
Menkaure is heavily damaged.
Menkaure closely misses you.
Eustachio casts a spell.
Menkaure points at you and mumbles some strange words.
Pain shoots through your body!
You die...

#...# #..## ##.#.#
#..# .....######.##
......(....#
#....#..###
#..>.....#
######....##.#####
####.................
#@5M@####...#######..
#O#### ##..# ##. #.#
#..# ##


O@5 #..# ..... ##.# ....... #.# s.......# #.# .........# ### ..........# You
could see Eustachio, an ogre, Menkaure and an ufetubus.

Vanquished Creatures
  Pikel (D:4)
  4 slaves (D:4)
  A centaur (D:5)
  Blork the orc (D:6)
  A bullfrog (D:6)
  A water moccasin skeleton (D:6)
  A scorpion (D:4)
  A howler monkey (D:6)
  2 crimson imps (D:6)
  A hound (D:6)
  An orc priest (D:5)
  Crazy Yiuf (D:6)
  2 orc wizards (D:4)
  A bullfrog skeleton (D:6)
  Jessica (D:3)
  An iguana (D:5)
  2 worker ants
  5 gnolls
  9 adders
  3 river rats (D:6)
  An ooze (D:2)
  An adder skeleton (D:5)
  A worm (D:5)
  4 dart slugs
  5 leopard geckos
  9 orcs
  4 giant cockroaches
  11 hobgoblins
  3 jackals (D:4)
  2 quokkas
  2 ball pythons
  6 bats
  9 frilled lizards
  8 goblins
  10 kobolds
  27 rats
143 creatures vanquished.

Notes
Turn   | Place    | Note
-------+----------+-------------------------------------------
     0 | D:1      | JeffiDaFish the Draconian Fire Elementalist began the quest for the Orb.
     0 | D:1      | Reached XP level 1. HP: 14/14 MP: 3/3
   493 | D:1      | Reached XP level 2. HP: 20/20 MP: 1/5
  1131 | D:2      | Reached XP level 3. HP: 26/26 MP: 4/6
  1247 | D:2      | Learned a level 2 spell: Throw Flame
  1819 | D:2      | Reached XP level 4. HP: 11/33 MP: 1/7
  1974 | D:2      | Upgraded the game from 0.19-a0-1714-gcab94ab to 0.19-a0-1720-gc855d72
  2784 | D:3      | Noticed Jessica
  2788 | D:3      | Killed Jessica
  3282 | D:3      | Reached skill level 1 in Polearms
  3319 | D:3      | Reached XP level 5. HP: 37/39 MP: 9/9
  3887 | D:4      | Reached skill level 1 in Fighting
  4271 | D:4      | Noticed a slave
  4275 | D:4      | Noticed a slave
  4275 | D:4      | Noticed a slave
  4276 | D:4      | Noticed Pikel
  4278 | D:4      | Noticed a slave
  4317 | D:4      | Killed a slave
  4342 | D:4      | Killed a slave
  4606 | D:4      | Reached XP level 6. HP: 36/47 MP: 4/11
  5027 | D:4      | Killed a slave
  5059 | D:4      | Killed a slave
  5184 | D:4      | Paralysed by Pikel for 7 turns
  5201 | D:4      | Killed Pikel
  5201 | D:4      | Your scales start taking on a weird mottled colour.
  5201 | D:4      | Reached XP level 7. HP: 14/56 MP: 0/13
  5441 | D:4      | Learned a level 4 spell: Sticky Flame
  5447 | D:4      | Learned a level 5 spell: Fireball
  6018 | D:5      | Entered Level 5 of the Dungeon
  6177 | D:5      | Reached skill level 5 in Fire Magic
  6189 | D:5      | Found a staircase to the Ecumenical Temple.
  6458 | Temple   | Entered the Ecumenical Temple
  6471 | Temple   | Became a worshipper of Vehumet
  6563 | D:5      | Reached XP level 8. HP: 60/62 MP: 4/14
  6875 | D:5      | Found Xyij's Food Emporium.
  7487 | D:6      | Found a runed door.
  7574 | D:6      | Noticed Crazy Yiuf
  7579 | D:6      | Killed Crazy Yiuf
  7618 | D:6      | Found a glowing drain.
  7638 | D:6      | Noticed Blork the orc
  7647 | D:6      | Killed Blork the orc
  7728 | D:6      | Reached skill level 5 in Spellcasting
  7921 | D:6      | Reached * piety under Vehumet
  7921 | D:6      | Offered knowledge of Sandblast by Vehumet.
  8072 | D:6      | Noticed Menkaure
  8073 | D:6      | Noticed Eustachio
  8092 | D:6      | Killed from afar by Menkaure

Vault maps used:
D:1:      dpeg_arrival_line_fractal
D:2:      minmay_wonky_spiral, first_bread
D:3:      minmay_strange_pillars, minmay_rat_hole, uniq_jessica
D:4:      serial_forest, infiniplex_forest_clump_large,
          infiniplex_forest_lined_room_2, infiniplex_forest_end_3,
          infiniplex_forest_clump_large, infiniplex_forest_lined_room_2,
          minmay_stone_trees_small, minmay_close_crescents, uniq_pikel
D:5:      serial_shops, nicolae_shop_competitors_out_of_business
D:6:      portal_sewer_entry_a, uniq_eustachio, uniq_blork_the_orc,
          uniq_crazy_yiuf_cottage, uniq_menkaure
Temple:   regret_index_temple_sigil_plot

Skill      XL: |  1  2  3  4  5  6  7  8 |
---------------+-------------------------+-----
Dodging        | 2 3 |  3.6
Stealth        | 2 3 |  3.8
Polearms       | 1 2 3 |  3.3
Spellcasting   | 3 4 5 |  5.1
Fighting       | 1 2 3 |  3.7
Conjurations   | 2 3 |  3.5
Fire Magic     | 4 5 |  5.4
Unarmed Combat | |  0.6

Action                   |  1- 3 |  4- 6 |  7- 9 || total
-------------------------+-------+-------+-------++-------
Melee: Unarmed           |   204 |       |       ||   204
       Tailslap          |    15 |    23 |    15 ||    53
       Spear             |       |   228 |       ||   228
       Trident           |       |    43 |   173 ||   216
 Cast: Flame Tongue      |    34 |    52 |    36 ||   122
       Throw Flame       |       |    11 |    24 ||    35
       Sticky Flame      |       |       |     1 ||     1
 Abil: Breathe Sticky Fl |       |       |     1 ||     1
  Use: Scroll            |     5 |     3 |     3 ||    11
       Potion            |     2 |     5 |       ||     7
 Stab: Sleeping          |     2 |     9 |     3 ||    14
       Distracted        |       |     1 |       ||     1
  Eat: Chunk             |     4 |     3 |     7 ||    14
       Bread ration      |       |     2 |       ||     2
       Pizza             |       |       |     1 ||     1
       Beef jerky        |       |       |     1 ||     1
Armor: Skin              |    79 |    96 |    79 ||   254
Dodge: Dodged            |   172 |   152 |   133 ||   457
